 Dungeon Crawl Stone Soup version 0.24.0-123-gd5b16e6ec5 (webtiles) character file.

Game seed: 186059911387141391, levelgen mode: deterministic

49 lepoulpe303 the Magician (level 3, -2/19 HPs)
             Began as a Deep Elf Fire Elementalist on Dec 16, 2019.
             Slain by an adder (5 damage)
             ... on level 2 of the Dungeon.
             The game lasted 00:05:36 (1607 turns).

lepoulpe303 the Magician (DEFE)                     Turns: 1607, Time: 00:05:37

Health: -2/19      AC:  2    Str:  5    XL:     3   Next: 51%
Magic:  8/10       EV: 13    Int: 20    God:
Gold:   110        SH:  0    Dex: 15    Spells: 3/9 levels left

rFire    . . .     SeeInvis .   b - +0 dagger (venom)
rCold    . . .     Gourm    .   (no shield)
rNeg     . . .     Faith    .   a - +0 robe
rPois    .         Spirit   .   (no helmet)
rElec    .         Reflect  .   (no cloak)
rCorr    .         Harm     .   (no gloves)
MR       .....                  (no boots)
Stlth    ++........             (no amulet)
HPRegen  0.06/turn              (no ring)
MPRegen  0.12/turn              (no ring)

@: lethally poisoned (-2 -> -12)
A: no striking features
a: no special abilities


You were on level 2 of the Dungeon.
You were not hungry.

You visited 1 branch of the dungeon, and saw 2 of its levels.

You collected 110 gold pieces.

Inventory:

Hand Weapons
 b - a +0 dagger of venom (weapon)
 d - a +2 dagger of speed
Armour
 a - a +0 robe (worn)
Jewellery
 g - an uncursed amulet of harm {unknown}
Scrolls
 i - a scroll of fear {unknown}
 k - 2 scrolls of remove curse {unknown}
 l - a scroll of blinking {unknown}
 t - a scroll of teleportation
Potions
 c - a potion of haste {unknown}
 f - a potion of curing {unknown}
 j - 3 potions of might {unknown}
 m - a potion of ambrosia {unknown}
 n - a potion of mutation {unknown}
Comestibles
 e - 4 rations
 h - 5 chunks of flesh


   Skills:
 + Level 2.6 Dodging
 + Level 2.7 Stealth
 * Level 3.9 Spellcasting
 * Level 2.1 Conjurations
 * Level 3.8 Fire Magic


You had 3 spell levels left.
You knew the following spells:

 Your Spells              Type           Power        Failure   Level  Hunger
a - Flame Tongue          Conj/Fire      ###..        3%          1    None
c - Conjure Flame         Conj/Fire      ###.....     12%         3    ###....
x - Throw Flame           Conj/Fire      ###...       6%          2    ##.....

Your spell library contained the following spells:

 Spells                   Type           Power        Failure   Level  Hunger
 Inner Flame              Hex/Fire       ##......     19%         3    ###....
 Sticky Flame             Conj/Fire      ###.....     36%         4    ####...
 Fireball                 Conj/Fire      ###.......   71%         5    ######.


Dungeon Overview and Level Annotations

Branches:
Dungeon (2/15)

Altars:


Message History

You are poisoned.
The adder poisons you!
You take 4 damage, and have 11/19 hp.
MASSIVE DAMAGE!!
You feel sick.
You take 1 damage, and have 10/19 hp.
You feel sick. The adder misses you.
You take 1 damage, and have 9/19 hp.
You feel sick. The adder bites you.
* * * LOW HITPOINT WARNING * * *
You are more poisoned.
The adder poisons you!
You take 5 damage, and have 4/19 hp.
MASSIVE DAMAGE!!
Sorry, you're not good enough to have a special ability.
Aim: an adder The puff of flame hits the adder.
* * * LOW HITPOINT WARNING * * *
You feel sick. The adder bites you.
You die...

#. #..# #.###..###
#........# #........#
####.......)# .#
............# .#
##........# ##
#..S.....# .#
#..@.....# .#
#..####### .#
#..####### .#
#.....รท..####### .#
#..#####........ .#
####..# ######### .#
#.....# .#
###.....######### .#
######................


You could see an adder.

Levels and vault maps discovered:
D:1:      dpeg_arrival_chase, layout_loops_ring, serial_forest,
          infiniplex_forest_straight_3, infiniplex_forest_lined_room_,
          infiniplex_forest_zigzag_2, infiniplex_forest_clump_small,
          infiniplex_forest_lined_2, infiniplex_forest_clump_small,
          minmay_bisected
D:2:      layout_loops_ring, chequers_ecumenical_altar_simple_redux

Notes
Turn   | Place    | Note
-------+----------+-------------------------------------------
     0 | D:1      | lepoulpe303 the Deep Elf Fire Elementalist began the quest
                  | for the Orb.
     0 | D:1      | Reached XP level 1. HP: 10/10 MP: 6/6
   134 | D:1      | Identified a +2 dagger of speed
   138 | D:1      | Identified a +0 short sword
   235 | D:1      | Reached XP level 2. HP: 13/15 MP: 4/8
   239 | D:1      | Learned a level 2 spell: Throw Flame
   246 | D:1      | Identified a scroll of teleportation
   250 | D:1      | Identified a +0 club
   312 | D:1      | Identified a +0 dagger of venom
   614 | D:1      | Identified a +0 club
   772 | D:1      | Identified a +0 dagger
   779 | D:1      | Identified a +0 club
   831 | D:1      | Reached skill level 2 in Conjurations
   876 | D:1      | Identified a cursed -1 dagger
   882 | D:1      | Reached XP level 3. HP: 19/19 MP: 10/10
   887 | D:1      | Learned a level 3 spell: Conjure Flame
  1446 | D:2      | Identified a cursed +0 club
  1581 | D:2      | Identified a +0 dagger
  1606 | D:2      | HP: 4/19 [adder (4)]
  1607 | D:2      | Slain by an adder

Table legend:
 A = Turns spent in this place as a percentage of turns spent in the entire game.
 B = Non-inter-level travel turns spent in this place as a percentage of non-inter-level travel turns spent in the entire game.
 C = Inter-level travel turns spent in this place as a percentage of turns spent in this place.
 D = Turns resting spent in this place as a percentage of non-inter-level travel turns spent in this place.
 E = Turns spent auto-exploring this place as a percentage of non-inter-level travel turns spent in this place.
 F = Non-inter-level travel turns spent in this place divided by the number of levels of this place that you've seen.
                   A       B       C       D       E      F
               +-------+-------+-------+-------+-------+----------------------
         Total | 100.0 | 100.0 |   3.4 |  27.0 |  49.8 | 776.0
       Dungeon | 100.0 | 100.0 |   3.4 |  27.0 |  49.8 | 776.0
               +-------+-------+-------+-------+-------+----------------------

Table legend:
 A = Kills in this place as a percentage of kills in entire the game.
 B = Kills by you in this place as a percentage of kills by you in the entire game.
 C = Kills by friends in this place as a percentage of kills by friends in the entire game.
 D = Other kills in this place as a percentage of other kills in the entire game.
 E = Experience gained in this place as a percentage of experience gained in the entire game.
 F = Experience gained in this place divided by the number of levels of this place that you have seen.
                   A       B       C       D       E      F
               +-------+-------+-------+-------+-------+----------------------
         Total | 100.0 | 100.0 |   N/A |   N/A | 100.0 |  35.0
       Dungeon | 100.0 | 100.0 |   N/A |   N/A | 100.0 |  35.0
               +-------+-------+-------+-------+-------+----------------------

Skill      XL: |  1  2 |
---------------+-------+-----
Conjurations   | 2 |  2.1
Dodging        | |  2.6
Stealth        | |  2.7
Spellcasting   | |  3.9
Fire Magic     | |  3.8

Action                   || total
-------------------------++-------
Melee: Dagger            ||    65
 Cast: Flame Tongue      ||    19
       Throw Flame       ||     2
  Use: Scroll            ||     1
 Stab: Sleeping          ||    10
  Eat: Chunk             ||     2
Armor: Robe              ||    24
Dodge: Dodged            ||    80

Vanquished Creatures
  2 dart slugs (D:1)
  2 leopard geckos
  5 goblins
  6 hobgoblins
  4 jackals (D:1)
  6 kobolds
  A quokka (D:2)
  9 bats
  4 rats
39 creatures vanquished.
